 Dungeon Crawl Stone Soup version 0.28-a0-655-g4eb62b627b (webtiles) character file.

Game seed: 3212009395035362992

102 bande the Skirmisher (level 4, 0/29 HPs)
             Began as a Gargoyle Fighter on Oct 13, 2021.
             Slain by a wyvern zombie (3 damage)
             ... on level 3 of the Dungeon.
             The game lasted 00:03:23 (1518 turns).

bande the Skirmisher (Gargoyle Fighter)             Turns: 1518, Time: 00:03:24

Health: 0/29       AC: 10    Str: 20    XL:     4   Next: 77%
Magic:  4/4        EV:  9    Int:  9    God:
Gold:   75         SH:  4    Dex:  9    Spells: 3/3 levels left

rFire   . . .      SeeInvis .   a - +1 war axe
rCold   . . .      Faith    .   c - +0 buckler
rNeg    + . .      Spirit   .   b - +0 scale mail
rPois   ∞          Reflect  .   (no helmet)
rElec   +          Harm     .   (no cloak)
rCorr   .          Rampage  .   (no gloves)
Will    .....                   (no boots)
Stlth   ..........              (no amulet)
HPRegen 0.09/turn               (no ring)
MPRegen 0.09/turn               (no ring)

@: no status effects
A: sickness immunity, AC +3, negative energy resistance 1, electricity
resistance, torment resistance 1, petrification resistance
a: no special abilities


You were on level 3 of the Dungeon.
You visited 1 branch of the dungeon, and saw 3 of its levels.

You collected 75 gold pieces.

Inventory:

Hand Weapons
 a - a +1 war axe (weapon)
 j - a +0 war axe
Armour
 b - a +0 scale mail (worn)
 c - a +0 buckler (worn)
Scrolls
 g - 2 scrolls of teleportation
 i - a scroll of enchant armour {unknown}
Potions
 d - a potion of might
 e - a potion of haste
 f - 2 potions of flight {unknown}
 h - a potion of attraction {unknown}


   Skills:
 + Level 3.9 Fighting
 + Level 3.1 Axes
 + Level 3.8 Armour
 + Level 3.9 Shields


You had 3 spell levels left.
You didn't know any spells.
Your spell library was empty.

Dungeon Overview and Level Annotations

Branches:
Dungeon (3/15)

Altars:


Innate Abilities, Weirdness & Mutations

You are immune to sickness and miasma.
Your stone body is resilient. (AC +3)
You are immune to poison.
You resist negative energy. (rN+)
You are resistant to electric shocks. (rElec)
You are resistant to unholy torment.
You are immune to petrification.


Message History

You kill the endoplasm!
No target in view!
No target in view!
No target in view!
No target in view!
You now have 75 gold pieces (gained 11).
You see here a +0 war axe.
j - a +0 war axe A wyvern zombie comes into view.
No target in view!
No target in view!
No target in view!
No target in view!
A wyvern zombie is nearby!
The wyvern zombie misses you.
You hit the wyvern zombie.
The wyvern zombie is lightly damaged.
You block the wyvern zombie's attack.
The wyvern zombie bites you but does no damage.
You hit the wyvern zombie.
The wyvern zombie is lightly damaged.
The wyvern zombie bites you. The wyvern zombie bites you!
You are too injured to fight recklessly!
You are too injured to fight recklessly!
You are too injured to fight recklessly!
You are too injured to fight recklessly!
A wyvern zombie is nearby!
Unknown command.
You hit the wyvern zombie.
The wyvern zombie is moderately damaged.
The wyvern zombie bites you but does no damage.
The wyvern zombie bites you!
* * * LOW HITPOINT WARNING * * *
You barely miss the wyvern zombie.
The wyvern zombie is moderately damaged.
The wyvern zombie closely misses you.
You completely miss the wyvern zombie.
The wyvern zombie is moderately damaged.
The wyvern zombie bites you.
You die...

####### #.....# #.
#.....# ... #.....#
.. # #.....##.# .#.
. #.....Z..# .. #
#....@# #.#
#.....######
##.#####
#..........###..##..
#.....####..##..##.#
# #.....#
##.....##.###
####### ###.........
####..#.....##
#.##.......###
#.##.....### #


You could see a wyvern zombie.

Vanquished Creatures
  Jessica (D:2)
  3 adders (D:2)
  A dart slug (D:2)
  An orc (D:2)
  2 ball pythons (D:1)
  5 bats
  8 endoplasms
  3 giant cockroaches
  4 goblins
  2 hobgoblins
  4 jackals (D:2)
  2 kobolds
  A quokka (D:1)
  3 frilled lizards
  A rat (D:1)
41 creatures vanquished.

Vanquished Creatures (others)
  2 demonic plants (D:2)
2 creatures vanquished.

Grand Total: 43 creatures vanquished

Notes
Turn   | Place    | Note
-------+----------+-------------------------------------------
     0 | D:1      | bande the Gargoyle Fighter began the quest for the Orb.
     0 | D:1      | Reached XP level 1. HP: 14/14 MP: 1/1
   175 | D:1      | Reached XP level 2. HP: 18/19 MP: 2/2
   683 | D:2      | Noticed Jessica
   694 | D:2      | Killed Jessica
   695 | D:2      | Reached XP level 3. HP: 14/24 MP: 3/3
   892 | D:2      | Reached XP level 4. HP: 20/29 MP: 4/4
  1236 | D:2      | Found a faded altar of an unknown god.
  1236 | D:2      | Noticed a chaos spawn
  1518 | D:3      | Slain by a wyvern zombie

Illustrated notes

Levels and vault maps discovered:
D:1:      lemuel_arrival_broad_hall, layout_loops_ring, grunt_decor_arrowhead
D:2:      layout_rooms, dreamdust_ecumenical_altar_sealed_demon,
          palyth_stone_intersect, minmay_pentomino_r2, uniq_jessica
D:3:      layout_rooms, overflow_temple_1_default, serial_shops, shop,
          minmay_pentomino_pile

Skill      XL: |  1  2  3  4 |
---------------+-------------+-----
Axes           | 2 3 |  3.1
Fighting       | |  3.9
Armour         | |  3.8
Shields        | |  3.9

Action                   |  1- 3 |  4- 6 || total
-------------------------+-------+-------++-------
Melee: War axe           |    53 |    47 ||   100
  Use: Scroll            |     2 |     2 ||     4
Armor: Scale mail        |    39 |    29 ||    68
Dodge: Dodged            |    33 |    27 ||    60
Block: Buckler           |    24 |     8 ||    32

Table legend: (Time is in decaauts)
 A = Elapsed time spent in this place.
 B = Non-inter-level travel time spent in this place.
 C = Inter-level travel time spent in this place.
 D = Time resting spent in this place.
 E = Time spent auto-exploring this place.
 F = Levels seen in this place.
 G = Mean time per level.
                   A        B        C        D        E       F      G
               +--------+--------+--------+--------+--------+-----+--------+
         Total |   1554 |   1554 |      0 |      0 |   1204 |   3 |  518.0 |
       Dungeon |   1554 |   1554 |      0 |      0 |   1204 |   3 |  518.0 |
               +--------+--------+--------+--------+--------+-----+--------+

Top non-repeatable levels by time:
     D:2: 743 daAuts
     D:1: 665 daAuts
     D:3: 145 daAuts
